 Dungeon Crawl Stone Soup version 0.21-a0-110-g8e1637b (webtiles) character file.

5348 MackTheKnife the Destroyer (level 10, -3/86 HPs)
             Began as a Red Draconian Wizard on July 9, 2017.
             Was a Believer of Vehumet.
             Slain by a meliai
             ... wielding a +0 hand axe
              (12 damage)
             ... on level 9 of the Dungeon.
             The game lasted 00:30:48 (9789 turns).

MackTheKnife the Destroyer (Red Draconian Wizard)   Turns: 9789, Time: 00:30:48

Health: -3/86      AC:  9    Str: 10    XL:     10   Next: 38%
Magic:  28/32      EV: 13    Int: 27    God:    Vehumet [**....]
Gold:   308        SH:  0    Dex:  9    Spells: 20/27 levels left

rFire    + . .     SeeInvis .   x - +3 spear (freeze) (curse)
rCold    . . .     Gourm    .   (no shield)
rNeg     . . .     Faith    .   (armour unavailable)
rPois    .         Spirit   .   a - +1 hat
rElec    .         Reflect  .   v - +0 cloak
rCorr    .         Harm     .   (no gloves)
MR       .....                  (no boots)
Stlth    ++........             (no amulet)
HPRegen  0.24/turn              w - +5 ring of intelligence
MPRegen  0.23/turn              u - ring of magical power {MP+9}

@: about to teleport, short of breath
A: breathe fire, unfitting armour, fire resistance 1, cold-blooded, AC +7
a: Breathe Fire, Renounce Religion


You were on level 9 of the Dungeon.
You worshipped Vehumet.
Vehumet was pleased with you.
You were not hungry.

You visited 2 branches of the dungeon, and saw 10 of its levels.

You collected 433 gold pieces.
You spent 125 gold pieces at shops.

Inventory:

Hand Weapons
 x - a cursed +3 spear of freezing (weapon)
   (You took it off a wight on level 8 of the Dungeon)
Missiles
 e - 238 stones (quivered)
Armour
 a - a +1 hat (worn)
 v - a +0 cloak (worn)
   (You found it on level 8 of the Dungeon)
Jewellery
 n - an uncursed ring of ice {rC+, rF-}
   (You found it on level 2 of the Dungeon)
 q - an uncursed ring of fire {rF+, rC-}
   (You found it on level 2 of the Dungeon)
 u - a ring of magical power (right hand) {MP+9}
   (You bought it in a shop on level 4 of the Dungeon)
 w - a +5 ring of intelligence (left hand)
   (You found it on level 4 of the Dungeon)
Wands
 m - a wand of confusion (32/48)
   (You found it on level 7 of the Dungeon)
 A - a wand of flame (14/48)
   (You took it off a gnoll sergeant on level 9 of the Dungeon)
 B - a wand of digging (14/24)
   (You found it on level 9 of the Dungeon)
 C - a wand of acid (0/15)
   (You found it on level 5 of the Dungeon)
 D - a wand of polymorph (20/24)
   (You found it on level 6 of the Dungeon)
Scrolls
 d - 5 scrolls of remove curse
 l - a scroll of enchant armour
 p - a scroll of teleportation
 s - a scroll of recharging
 t - a scroll of amnesia
 y - a scroll of identify
Potions
 g - 2 potions of mutation {!q}
 i - a potion of curing
 k - 2 potions of brilliance
 r - a potion of might
Books
 b - a book of Minor Magic
Miscellaneous
 f - a fan of gales
   (You found it on level 9 of the Dungeon)
 o - a sack of spiders
Comestibles
 c - 6 bread rations {@e1}
 h - 4 meat rations {@e2}
 z - 19 royal jellies


   Skills:
 + Level 7.2 Fighting
 + Level 3.7 Dodging
 - Level 1.7 Stealth
 - Level 9.4 Spellcasting
 - Level 9.5 Conjurations
   Level 1.0 Summonings
   Level 1.0 Translocations


You had 20 spell levels left.
You knew the following spells:

 Your Spells              Type           Power        Failure   Level  Hunger
a - Conjure Flame         Conj/Fire      #####...     1%          3    None
x - Mephitic Cloud        Conj/Pois/Air  ####....     3%          3    None
z - Magic Dart            Conj           ####         1%          1    None


Dungeon Overview and Level Annotations

Branches:
Dungeon (9/15)             Temple (1/1) D:4
   Lair: D:8-11         Orc: D:9-12

Altars:
Ashenzari
Dithmenos
Elyvilon
Fedhas
Gozag
Hepliaklqana
Makhleb
Nemelex Xobeh
Okawaru
Qazlal
Ru
Sif Muna
Trog
Uskayaw
Vehumet
Wu Jian
Xom
Yredelemnul
Zin
The Shining One

Shops:
D:4 [*=%[   D:5 %   D:7 %

Annotations:
D:9 1 runed door, exclusion: hydra


Innate Abilities, Weirdness & Mutations

You can breathe blasts of fire.
Your fiery red scales are hard. (AC +7)
You cannot fit into any form of body armour.
Your flesh is heat resistant. (rF+)
You are cold-blooded and may be slowed by cold attacks.


Message History

The centaur zombie is engulfed in blazing flames.
The centaur zombie barely misses you.
You hit the centaur zombie.
The centaur zombie is engulfed in blazing flames.
You destroy the centaur zombie!
Vehumet accepts your kill.
No target in view!
You start resting.
You have got your breath back.
You regained 3 hp, and now have 74/86 hp.
You start resting.
Health restored: 86 A six-headed hydra comes into view.
Unknown command.
Things that are here:
a giant club; a giant spiked club; a two-headed ogre skeleton
Things that are here:
a spear; a ring mail
f - a fan of gales
Okay, then.
Unknown command.
The fire ignites!
You now have 29/32 mp.
Aim: a wight, wielding a great sword of freezing and wearing a robe You breathe a blast of fire.
The fiery breath hits the wight.
You are near starving!
You hear an angry buzzing noise.
The wight is engulfed in blazing flames.
You destroy the wight!
Vehumet accepts your kill.
A worker ant and a meliai come into view.
Aim: a meliai, wielding a hand axe and wearing a robe The ball explodes into a vile cloud!
The stinking cloud engulfs the meliai.
The meliai is engulfed in noxious fumes.
The meliai appears confused.
The worker ant moves out of view.
The meliai is engulfed in blazing flames.
A centaur warrior comes into view.
You now have 26/32 mp.
Unknown command.
Okay, then.
Okay, then.
You eat one of the 7 bread rations {@e1}.
That bread ration really hit the spot!
Unknown command.
Aim: a meliai, wielding a hand axe and wearing a robe (moderately wounded, confused)
The magic dart hits the meliai.
You now have 26/32 mp.
You hit the meliai but do no damage. You hit the meliai but do no damage.
You can't do that yet.
Unknown command.
The meliai hits the centaur warrior with a hand axe.
The meliai barely misses the centaur warrior.
The centaur warrior hits you but does no damage.
Aim: a centaur warrior (lightly wounded, chance to defeat MR: 28%)
The centaur warrior easily resists.
Evoking this partially-identified wand wasted a few charges.
The centaur warrior hits you.
You take 6 damage, and have 80/86 hp.
You barely miss the centaur warrior.
The meliai seems less confused.
The meliai hits you with a hand axe! The meliai misses you.
The centaur warrior barely misses you. The meliai barely misses you.
The meliai completely misses you. The centaur warrior hits you.
You take 13 damage, and have 67/86 hp.
You hit the centaur warrior. You freeze the centaur warrior.
The meliai barely misses you. The meliai stings you.
You are poisoned.
The meliai poisons you!
The centaur warrior completely misses you.
The meliai hits you with a hand axe!
The meliai stings you but does no damage.
The centaur warrior hits you but does no damage.
You take 13 damage, and have 54/86 hp.
As you read the scroll of teleportation, it crumbles to dust.
You feel strangely unstable.
You feel sick. The meliai hits you with a hand axe! The meliai stings you.
The meliai misses you. The meliai barely misses you.
The centaur warrior closely misses you.
You take 16 damage, and have 38/86 hp.
Unknown command.
You feel sick. The meliai completely misses you.
The meliai stings you but does no damage.
The centaur warrior wields a longbow.
The centaur warrior shoots an arrow.
The arrow hits you! The meliai barely misses you. The meliai misses you.
You hear a howl!
You see here an arrow.
You take 12 damage, and have 26/86 hp.
Unknown command.
You feel sick. The meliai hits you with a hand axe.
* * * LOW HITPOINT WARNING * * *
The meliai stings you but does no damage.
The meliai hits you but does no damage. The meliai misses you.
The centaur warrior shoots an arrow.
The arrow hits you!
* * * LOW HITPOINT WARNING * * *
You take 15 damage, and have 11/86 hp.
Unknown command.
You feel better. The meliai hits you with a hand axe!
* * * LOW HITPOINT WARNING * * *
The meliai misses you. The meliai hits you with a hand axe!
You die...

##..c #.####.... .##8##
......##.# #.#)..###
####...# #..)..#.#
###...### #.##.##
###...### # #.#.##
###...###
######...#####...#.#
#.......yc##....##.#
#.###.###@#..#..##.#
#D...###.....###.##.###.#
......#)......#..#..# #.#
##....##..#..##..#.## #.#
.......#..#..#...#.# #.#
#......##...##.#...#
#.).....#.).#.....##
#...#...##.##.#...# #
.........#.#..#..###..


You could see a centaur warrior and a meliai.

Vanquished Creatures
  2 two-headed ogres
  The ghost of Eptagon the Thaumaturge, a novice DECj of Cheibriados (D:8)
  The ghost of afd the Magician, a novice OpFE of Vehumet (D:5)
  A wyvern (D:9)
  Eustachio (D:6)
  A soldier ant (D:8)
  An orc warrior (D:8)
  A sky beast (D:7)
  4 ogres
  3 phantoms
  A centaur (D:9)
  A gnoll sergeant (D:9)
  3 scorpions (D:8)
  9 wights
  2 howler monkeys (D:6)
  A centaur zombie (D:9)
  4 crimson imps
  2 bullfrog zombies
  2 jellies
  3 hounds
  An orc priest (D:8)
  5 orc wizards
  Jessica (D:3)
  A centaur skeleton (D:6)
  An iguana (D:6)
  9 worker ants
  4 hound skeletons
  A howler monkey zombie (D:5)
  12 adders
  4 gnolls (D:4)
  A shadow imp (D:5)
  3 oozes
  2 worms
  2 dart slugs
  4 leopard geckos
  18 orcs
  4 bats
  10 giant cockroaches
  7 hobgoblins
  14 jackals
  7 kobolds
  A quokka (D:9)
  2 ball pythons
  3 frilled lizards
  7 goblins
  3 goblin skeletons (D:4)
  A goblin zombie (D:4)
  A hobgoblin zombie (D:4)
  A jackal skeleton (D:4)
  A kobold skeleton (D:4)
  2 leopard gecko skeletons
  A leopard gecko zombie (D:5)
  2 orc skeletons (D:4)
  4 orc zombies (D:4)
  5 rats
189 creatures vanquished.

Vanquished Creatures (collateral kills)
  A soldier ant (D:8)
  An ice beast (D:5)
2 creatures vanquished.

Vanquished Creatures (others)
  A bullfrog skeleton (D:5)
1 creature vanquished.

Grand Total: 192 creatures vanquished

Notes
Turn   | Place    | Note
-------+----------+-------------------------------------------
     0 | D:1      | MackTheKnife the Draconian Wizard began the quest for the Orb.
     0 | D:1      | Reached XP level 1. HP: 14/14 MP: 4/4
   286 | D:1      | HP: 3/14 [giant cockroach (2)]
   467 | D:1      | Reached XP level 2. HP: 16/20 MP: 0/6
   535 | D:1      | Learned a level 2 spell: Call Imp
   849 | D:1      | HP: 5/20 [ooze (2)]
  1168 | D:1      | Reached skill level 2 in Conjurations
  1168 | D:1      | Reached XP level 3. HP: 17/26 MP: 1/8
  1728 | D:2      | Reached skill level 4 in Spellcasting
  1981 | D:2      | Reached XP level 4. HP: 33/33 MP: 2/10
  2083 | D:2      | Learned a level 3 spell: Conjure Flame
  2087 | D:2      | Learned a level 3 spell: Mephitic Cloud
  2482 | D:3      | Reached skill level 3 in Conjurations
  2608 | D:3      | Found a hazy altar of Hepliaklqana.
  2756 | D:3      | Found a shattered altar of Ashenzari.
  3063 | D:3      | Noticed Jessica
  3068 | D:3      | Killed Jessica
  3068 | D:3      | Reached XP level 5. HP: 38/38 MP: 4/11
  3356 | D:4      | Found Pywudd's Assorted Antiques.
  3365 | D:4      | Bought a bronze ring for 125 gold pieces
  3451 | D:4      | Noticed a phantom
  3847 | D:4      | Noticed a phantom
  3893 | D:4      | Killed a phantom
  3893 | D:4      | Reached skill level 5 in Spellcasting
  3893 | D:4      | Reached skill level 4 in Conjurations
  3893 | D:4      | Reached XP level 6. HP: 33/45 MP: 2/13
  4005 | D:4      | Found a glowing golden altar of the Shining One.
  4560 | D:4      | Found Beuxuwit's Food Shop.
  4582 | D:4      | Found Jataog's Antique Armour Emporium.
  4709 | D:4      | Found Rouzaps's Jewellery Shop.
  4765 | D:4      | Found an ornate altar of the Wu Jian Council.
  5131 | D:4      | Found a staircase to the Ecumenical Temple.
  5139 | Temple   | Entered the Ecumenical Temple
  5175 | Temple   | Became a worshipper of Vehumet
  5243 | D:4      | Found Ciwnumas's Armour Shop.
  5266 | D:4      | Reached skill level 5 in Conjurations
  5266 | D:4      | Your scales start taking on a fiery red colour.
  5266 | D:4      | Reached XP level 7. HP: 48/50 MP: 11/15
  5266 | D:4      | Gained mutation: Your flesh is heat resistant. (rF+) [Red Draconian growth]
  5350 | D:5      | Entered Level 5 of the Dungeon
  5396 | D:5      | Reached skill level 6 in Spellcasting
  5583 | D:5      | Reached skill level 1 in Fighting
  5759 | D:5      | Noticed afd's ghost (novice OpFE)
  5777 | D:5      | Killed afd's ghost
  5777 | D:5      | Reached skill level 5 in Fighting
  5777 | D:5      | Reached XP level 8. HP: 56/68 MP: 12/17
  5875 | D:5      | Found a sparkling altar of Nemelex Xobeh.
  5875 | D:5      | Found Asusk's Food Boutique.
  5885 | D:5      | Reached skill level 6 in Fighting
  6004 | D:5      | Found a glowing silver altar of Zin.
  6004 | D:5      | Found a shimmering altar of Xom.
  6005 | D:5      | Noticed an angel
  6298 | D:6      | Noticed Eustachio
  6307 | D:6      | Killed Eustachio
  6307 | D:6      | Reached skill level 6 in Conjurations
  6445 | D:6      | Reached * piety under Vehumet
  6445 | D:6      | Offered knowledge of Shock by Vehumet.
  6475 | D:6      | Found a shadowy altar of Dithmenos.
  6490 | D:6      | Reached skill level 7 in Spellcasting
  6940 | D:7      | Reached skill level 7 in Conjurations
  7106 | D:7      | Found Daecek's Food Emporium.
  7393 | D:7      | Reached XP level 9. HP: 75/75 MP: 20/20
  7498 | D:7      | Found a stormy altar of Qazlal.
  7498 | D:7      | Found an opulent altar of Gozag.
  7504 | D:7      | Found a faded altar of an unknown god.
  7506 | D:7      | Found a faded altar of an unknown god.
  7507 | D:7      | Found a bloodstained altar of Trog.
  7586 | D:7      | Found a glowing golden altar of the Shining One.
  7674 | D:8      | Found a deep blue altar of Sif Muna.
  7793 | D:8      | Noticed Eptagon's ghost (novice DECj)
  7803 | D:8      | Killed Eptagon's ghost
  7803 | D:8      | Reached skill level 8 in Spellcasting
  7803 | D:8      | Reached skill level 8 in Conjurations
  7935 | D:8      | Noticed a two-headed ogre
  8186 | D:8      | Offered knowledge of Sandblast by Vehumet.
  8242 | D:8      | Reached ** piety under Vehumet
  8270 | D:8      | Killed a two-headed ogre
  8270 | D:8      | Reached skill level 9 in Spellcasting
  8270 | D:8      | Reached skill level 9 in Conjurations
  8422 | D:8      | Found an iron altar of Okawaru.
  8527 | D:8      | Reached XP level 10. HP: 83/83 MP: 20/23
  8864 | D:8      | Found a burning altar of Makhleb.
  9087 | D:9      | Reached skill level 2 in Dodging
  9107 | D:9      | Found a runed door.
  9416 | D:9      | Noticed a two-headed ogre
  9434 | D:9      | HP: 13/84 [two-headed ogre/giant club (27)]
  9436 | D:9      | Killed a two-headed ogre
  9436 | D:9      | Reached skill level 7 in Fighting
  9436 | D:9      | Reached skill level 3 in Dodging
  9751 | D:9      | Noticed a six-headed hydra
  9777 | D:9      | Noticed a centaur warrior
  9788 | D:9      | HP: 11/86 [centaur warrior/arrow (13)]
  9789 | D:9      | Slain by a meliai

Vault maps used:
D:1:      minmay_arrival_diagonal_passages
D:2:      first_bread, minmay_pentomino_z2
D:3:      lemuel_doored_altar, cheibrodos_ashenzari_chains, uniq_jessica
D:4:      marbit_many_paths, minmay_temple_entry_statues_fountains,
          serial_shops, shop, shop_fountains, shop, shop, shop,
          nicolae_tso_besieged_by_evil
D:5:      grunt_temple_overflow_order_and_chaos_1, lemuel_crystal_altar,
          serial_shops, nicolae_shop_stone
D:6:      nicolae_dithmenos_shadow_blocks, uniq_eustachio
D:7:      lemuel_coloured_pillars_altar, chequers_temple_overflow_minitemple,
          serial_shops, shop_statue
D:8:      cheibrodos_iron_armory, okawaru_gym_becter, lemuel_crystal_altar,
          basic_altar, hangedman_pestilent_swarm, hangedman_decor_points
D:9:      minmay_the_grid_four_pointed_star, cheibrodos_worm_habitat,
          lemuel_mausoleum_altar_kikubaaqudgha, minivault_16
Temple:   jpeg_temple_island

Skill      XL: |  1  2  3  4  5  6  7  8  9 10 |
---------------+-------------------------------+-----
Conjurations   | 2 3 4 5 7 9 |  9.5
Spellcasting   | 4 5 6 7 9 |  9.4
Fighting       | 5 6 7 |  7.2
Dodging        | 3 |  3.7
Stealth        | |  1.7
Summonings     | |  1.0
Translocations | |  1.0

Action                   |  1- 3 |  4- 6 |  7- 9 | 10-12 || total
-------------------------+-------+-------+-------+-------++-------
Melee: Unarmed           |    20 |       |       |       ||    20
       Tailslap          |     6 |     8 |     4 |     2 ||    20
       Dagger            |    69 |       |       |       ||    69
       Short sword       |     7 |    95 |       |       ||   102
       Flail             |       |     3 |     4 |       ||     7
       Quarterstaff      |       |       |    28 |       ||    28
       Spear             |       |       |       |    28 ||    28
Throw: Stone             |     9 |    10 |    11 |     3 ||    33
 Cast: Magic Dart        |   110 |   161 |   197 |    41 ||   509
       Call Imp          |     3 |     1 |     2 |       ||     6
       Conjure Flame     |       |    10 |    17 |     5 ||    32
       Mephitic Cloud    |       |     8 |    14 |     3 ||    25
 Abil: Breathe Fire      |       |       |    32 |    10 ||    42
Evoke: Wand              |       |       |     5 |     1 ||     6
  Use: Potion            |     1 |       |     1 |     3 ||     5
       Scroll            |       |     3 |    12 |     1 ||    16
  Eat: Chunk             |     3 |    10 |    10 |     5 ||    28
       Royal jelly       |       |       |     1 |       ||     1
       Bread ration      |       |       |     1 |     1 ||     2
Armor: Skin              |    42 |    35 |    13 |    13 ||   103
Dodge: Dodged            |    91 |    97 |    37 |    31 ||   256

Vault maps used:
D:1:      minmay_arrival_diagonal_passages
D:2:      first_bread, minmay_pentomino_z2
D:3:      lemuel_doored_altar, cheibrodos_ashenzari_chains, uniq_jessica
D:4:      marbit_many_paths, minmay_temple_entry_statues_fountains,
          serial_shops, shop, shop_fountains, shop, shop, shop,
          nicolae_tso_besieged_by_evil
D:5:      grunt_temple_overflow_order_and_chaos_1, lemuel_crystal_altar,
          serial_shops, nicolae_shop_stone
D:6:      nicolae_dithmenos_shadow_blocks, uniq_eustachio
D:7:      lemuel_coloured_pillars_altar, chequers_temple_overflow_minitemple,
          serial_shops, shop_statue
D:8:      cheibrodos_iron_armory, okawaru_gym_becter, lemuel_crystal_altar,
          basic_altar, hangedman_pestilent_swarm, hangedman_decor_points
D:9:      minmay_the_grid_four_pointed_star, cheibrodos_worm_habitat,
          lemuel_mausoleum_altar_kikubaaqudgha, minivault_16
Temple:   jpeg_temple_island

Table legend:
 A = Turns spent in this place as a percentage of turns spent in the entire game.
 B = Non-inter-level travel turns spent in this place as a percentage of non-inter-level travel turns spent in the entire game.
 C = Inter-level travel turns spent in this place as a percentage of turns spent in this place.
 D = Turns resting spent in this place as a percentage of non-inter-level travel turns spent in this place.
 E = Turns spent auto-exploring this place as a percentage of non-inter-level travel turns spent in this place.
 F = Non-inter-level travel turns spent in this place divided by the number of levels of this place that you've seen.
                   A       B       C       D       E      F
               +-------+-------+-------+-------+-------+----------------------
         Total | 100.0 | 100.0 |   0.7 |   5.0 |   9.1 | 299.2
       Dungeon |  98.9 |  99.0 |   0.6 |   5.1 |   9.1 | 329.0
        Temple |   1.1 |   1.0 |   3.1 |   0.0 |   3.2 |  31.0
               +-------+-------+-------+-------+-------+----------------------

Table legend:
 A = Kills in this place as a percentage of kills in entire the game.
 B = Kills by you in this place as a percentage of kills by you in the entire game.
 C = Kills by friends in this place as a percentage of kills by friends in the entire game.
 D = Other kills in this place as a percentage of other kills in the entire game.
 E = Experience gained in this place as a percentage of experience gained in the entire game.
 F = Experience gained in this place divided by the number of levels of this place that you have seen.
                   A       B       C       D       E      F
               +-------+-------+-------+-------+-------+----------------------
         Total | 100.0 | 100.0 | 100.0 | 100.0 | 100.0 | 764.1
       Dungeon | 100.0 | 100.0 | 100.0 | 100.0 | 100.0 | 849.0
               +-------+-------+-------+-------+-------+----------------------
